AoeStats
← MkoPoland88

Arabia

508259103Analyzed
2v2 RM · 10d ago on Sep 21, 2026· 17m 19s· 4 players
Game mode
Random Map
Map size
Medium (4 player)
Population
200
Speed
Normal
Resources
Standard
Victory
Conquest
Starting age
Dark Age
Ending age
Imperial Age
RankedLock teamsTeams togetherTeam positionsShared explorationLock speedFull tech treeHidden civsTurbo modeCheats
Victory
Defeat
🇷🇴 Cumans · Romania
910
+12
🇷🇴 Bulgarians · Romania
664
+23
🇵🇱 Italians · Poland
845
-52
🇵🇱 Teutons · Poland
787
-16
YK@
4:32 Loom
9:32 Feudal Age
11:54 Double-Bit Axe
16:35 Horse Collar
savabogdi
8:59 Feudal Age
11:09 Horse Collar
11:49 Arson
14:00 Forging
14:54 Double-Bit Axe
15:46 Scale Mail Armor
MkoPoland88
11:25 Loom
14:26 Feudal Age
92marcinkol92
1:00 Loom
11:42 Feudal Age
12:16 Double-Bit Axe
13:26 Horse Collar
14:24 Wheelbarrow
Connection lost

Rejoining the realm…

Still unreachable

The connection could not be restored.

Session expired

The server has moved on; the page needs a fresh start.